 Seeded DCSS version 0.30.0-5-g1a98f26d00 (console) character file.

Game seed: 20230503 (custom seed)

241 om the Chopper (level 5, 46/46 HPs)
             Began as a Minotaur Berserker on May 3, 2023.
             Was a Believer of Trog.
             Got out of the dungeon alive.
             The game lasted 00:07:53 (3546 turns).

om the Chopper (Minotaur Berserker)                 Turns: 3546, Time: 00:07:54

Health: 46/46      AC:  7    Str: 23    XL:     5   Next: 80%
Magic:  4/4        EV: 12    Int:  4    God:    Trog [**....]
Gold:   154        SH:  5    Dex: 10    Spells: 4/4 levels left

rFire   . . .        a - +0 hand axe
rCold   . . .        (no shield)
rNeg    . . .        e - +0 ring mail
rPois   .            (helmet restricted)
rElec   .            (no cloak)
rCorr   .            h - +0 pair of gloves
SInv    .            (no boots)
Will    .....        f - amulet of reflection Stlth
                     (no ring)
HPRegen 0.27/turn    (no ring)
MPRegen 0.09/turn

%: reflection
@: no status effects
A: horns 2, retaliatory headbutt
a: Renounce Religion, Berserk, Trog's Hand


You escaped.
You worshipped Trog.
Trog was pleased with you.
You visited 1 branch of the dungeon, and saw 3 of its levels.

You collected 154 gold pieces.

Inventory:

Hand Weapons
 a - a +0 hand axe (weapon)
Armour
 e - a +0 ring mail (worn)
 h - a +0 pair of gloves (worn)
Jewellery
 d - an amulet of the acrobat
 f - an amulet of reflection (around neck)
 o - a +6 ring of intelligence
Wands
 p - a wand of polymorph (8)
 q - a wand of flame (13)
Scrolls
 g - 2 scrolls of teleportation
 j - a scroll of torment {unknown}
 l - a scroll of fear {unknown}
Potions
 b - a potion of might
 c - 2 potions of ambrosia
 i - 2 potions of curing {unknown}
 k - a potion of lignification {unknown}
 m - 2 potions of heal wounds
 n - a potion of magic {unknown}
 r - a potion of degeneration {unknown}


   Skills:
 - Level 4.0 Fighting
 + Level 5.3 Axes
 + Level 4.5 Armour
 + Level 4.2 Dodging


You had 4 spell levels left.
You didn't know any spells.
Your spell library was empty.

Dungeon Overview and Level Annotations

Branches:
Dungeon (3/15)

Altars:
Sif Muna


Innate Abilities, Weirdness & Mutations

You have a pair of horns on your head.
You reflexively headbutt those who attack you in melee.


Message History

Unknown command.
You feel less confused.
You start resting.
HP restored.
You start waiting.
Done waiting.
The orc wizard shouts!
Welcome back, om the Minotaur Berserker.
Game seed: 20230503 (custom seed) Trog says: Kill them all!
Press ? for a list of commands and other information.
Save game and exit?
Welcome back, om the Minotaur Berserker.
Game seed: 20230503 (custom seed) Trog says: Kill them all!
Press ? for a list of commands and other information.
Save game and exit?
Welcome back, om the Minotaur Berserker.
Game seed: 20230503 (custom seed) Trog says: Kill them all!
Press ? for a list of commands and other information.
No monsters, items or features are visible.
You see here a +0 sling.
You see here 5 stones.
You see here a book of the Wilderness.
Things that are here:
a boomerang; a +0 dagger
There is a stone staircase leading up here.
You climb upwards.
There is a stone staircase leading down here.
There is a stone staircase leading up here.
You climb upwards.
There is a stone staircase leading down here.
You see here a +0 mace.
There is an open door here.
There is a staircase leading out of the dungeon here.
Are you sure you want to leave the Dungeon?
This will make you lose the game!
Uppercase [Y]es or [N]o only, please.
Are you sure you want to leave the Dungeon?
This will make you lose the game!
You have escaped!

#.##.#########.........'..
#..#..............######..
######.................##......
##......###.................####
#..###### #.......)...#.#.#.###.
#.## #####...###..^..........'.
#..####>..#..##.##..#.#.#.#.###.
##..#...#'#..#...#..........####
##..........+.@.'....#.#.#..###
###........#...#...........##.
#...[....##.##...........'..
#.........###............#..
#.........................#.
###...#.....................
#.............##.....###..
####...........#...##......
#..........###...#.#######.


There were no monsters in sight!

Vanquished Creatures
  Ijyb (D:3)
  Natasha (thrice) (D:2)
  3 gnolls (D:3)
  3 adders
  2 worms (D:3)
  3 dart slugs
  An orc (D:3)
  7 bats
  9 endoplasms
  2 giant cockroaches (D:3)
  2 goblins
  7 hobgoblins
  7 jackals (D:2)
  4 kobolds
  2 quokkas
  10 ball pythons
  5 frilled lizards
  2 rats (D:1)
73 creatures vanquished.

Notes
Turn   | Place    | Note
-------+----------+-------------------------------------------
     0 | D:1      | om the Minotaur Berserker began the quest for the Orb.
     0 | D:1      | Reached XP level 1. HP: 19/19 MP: 0/0
    54 | D:1      | You fall into a shaft and drop 1 floor!
   109 | D:2      | Reached XP level 2. HP: 27/27 MP: 1/1
   345 | D:2      | Noticed Natasha
   349 | D:2      | Killed Natasha
   350 | D:2      | Reached skill level 4 in Axes
   350 | D:2      | Reached XP level 3. HP: 33/33 MP: 2/2
   713 | D:1      | Reached ** piety under Trog
  1643 | D:1      | Reached XP level 4. HP: 32/40 MP: 3/3
  1904 | D:2      | Noticed Natasha
  1912 | D:2      | Killed Natasha
  2063 | D:2      | Noticed Natasha
  2069 | D:2      | Killed Natasha
  2070 | D:2      | Reached XP level 5. HP: 33/46 MP: 4/4
  2466 | D:3      | Noticed Ijyb
  2473 | D:3      | Reached skill level 5 in Axes
  2819 | D:3      | Killed Ijyb
  3204 | D:3      | Found a shimmering blue altar of Sif Muna.
  3387 | D:3      | Upgraded the game from 0.30-b1-5-g8e6c1be481 to 0.30.0
  3387 | D:3      | Upgraded the game from 0.30.0 to 0.30.0-5-g1a98f26d00
  3546 | D:$      | Got out of the dungeon alive.

Illustrated notes

Levels and vault maps discovered:
D:1:      dpeg_arrival_shelter, layout_basic, serial_co_window_serial,
          co_window_corner_a, co_window_paths_a, co_window_paths_a,
          co_window_of_opportunity_a, co_window_paths_b, co_window_corner_ca,
          co_window_paths_c, co_window_2corner, co_window_of_opportunity_b,
          co_window_corner_cb, co_window_corner_cb, co_window_2corner,
          co_window_paths_d, glass_columns_b
D:2:      layout_basic, uniq_natasha
D:3:      layout_loops_ring, led_sif_book, grunt_ministairs_7, uniq_ijyb

Skill      XL: |  1  2  3  4  5 |
---------------+----------------+-----
Fighting       | 4 |  4.0
Axes           | 4 5 |  5.3
Armour         | 3 4 |  4.5
Dodging        | 3 4 |  4.2

Action                     |  1- 3 |  4- 6 || total
---------------------------+-------+-------++-------
  Melee: Hand axe          |    75 |    90 ||   165
         Headbutt          |     7 |    19 ||    26
         Unarmed           |       |    11 ||    11
 Invoke: Berserk           |       |     1 ||     1
    Use: Scroll            |     1 |     2 ||     3
 Armour: Animal skin       |     2 |       ||     2
         Ring mail         |     9 |    37 ||    46
         Skin              |       |     3 ||     3
  Dodge: Dodged            |    59 |    39 ||    98
  Block: Other             |     3 |    21 ||    24
